 Dungeon Crawl Stone Soup version 0.25-a0-701-gb30f108 (webtiles) character file.

Game seed: 2647257483242493231, levelgen mode: deterministic

20 BlueFish the Chucker (level 2, -3/28 HPs)
             Began as a Troll Hunter on Apr 3, 2020.
             Slain by a scorpion (8 damage)
             ... on level 2 of the Dungeon.
             The game lasted 00:00:37 (416 turns).

BlueFish the Chucker (Troll Hunter)                  Turns: 416, Time: 00:00:38

Health: -3/28      AC:  6    Str: 19    XL:     2   Next: 58%
Magic:  1/1        EV: 10    Int:  7    God:
Gold:   14         SH:  0    Dex: 10    Spells: 1/1 levels left

rFire    . . .     SeeInvis .   (no weapon)
rCold    . . .     Gourm    +   (no shield)
rNeg     . . .     Faith    .   b - +0 robe
rPois    .         Spirit   .   (helmet restricted)
rElec    .         Reflect  .   (no cloak)
rCorr    .         Harm     .   (gloves unavailable)
MR       .....                  (boots unavailable)
Stlth    +.........             (no amulet)
HPRegen  0.49/turn              (no ring)
MPRegen  0.07/turn              (no ring)

@: lethally poisoned (-3 -> -5)
A: large, unfitting armour, claws 3, fast metabolism 3, gourmand, regeneration
1, shaggy fur 1, tough skin 3
a: no special abilities


You were on level 2 of the Dungeon.
You were very full.

You visited 1 branch of the dungeon, and saw 2 of its levels.

You collected 14 gold pieces.

Inventory:

Missiles
 c - 5 large rocks (quivered)
 d - 2 throwing nets
Armour
 b - a +0 robe (worn)
Scrolls
 a - a scroll of identify {unknown}
 e - a scroll of magic mapping {unknown}
Comestibles
 f - 3 rations


   Skills:
 * Level 1.9 Fighting
 + Level 4.0 Throwing
 + Level 1.6 Dodging
 + Level 0.3 Stealth
 * Level 0.6 Unarmed Combat


You had one spell level left.
You didn't know any spells.
Your spell library was empty.

Dungeon Overview and Level Annotations

Branches:
Dungeon (1/15)

Altars:


Innate Abilities, Weirdness & Mutations

You are too large for most types of armour.
You have claws for hands.
Your metabolism is lightning-fast.
You like to eat raw meat.
Your natural rate of healing is unusually fast.
You are covered in fur. (AC +1)
You have extremely tough skin. (AC +3)


Message History

You closely miss the scorpion.
The scorpion is almost dead.
You feel sick. The bat hits you but does no damage. The bat closely misses you.
The scorpion barely misses you.
You scratch the scorpion.
The scorpion is almost dead.
You feel sick. The bat hits you. The scorpion stings you.
* * * LOW HITPOINT WARNING * * *
You closely miss the scorpion.
The scorpion is almost dead.
You feel sick. The bat closely misses you. The scorpion barely misses you.
You scratch the scorpion.
The scorpion is almost dead.
You feel sick. The bat hits you.
* * * LOW HITPOINT WARNING * * *
The scorpion barely misses you.
You scratch the scorpion.
The scorpion is almost dead.
The bat hits you but does no damage. The scorpion stings you!
You die...

.......÷.###.## .
...#...÷........
##.........#..
#.....###.....
#####...####..###
......#.........
......##.$.......
................#
......†.@.......
........bs.(%...
......).........
................
.........#......
.........#......
.........#......
........#######


You could see a scorpion and a bat.

Vanquished Creatures
  A worm (D:2)
  A dart slug (D:1)
  2 leopard geckos (D:2)
  3 bats (D:2)
  3 hobgoblins
  A quokka (D:2)
  A frilled lizard (D:1)
  A rat (D:1)
13 creatures vanquished.

Notes
Turn   | Place    | Note
-------+----------+-------------------------------------------
     0 | D:1      | BlueFish the Troll Hunter began the quest for the Orb.
     0 | D:1      | Reached XP level 1. HP: 19/19 MP: 0/0
   329 | D:1      | You fall into a shaft and drop 1 floor!
   340 | D:2      | Reached XP level 2. HP: 22/28 MP: 1/1
   386 | D:2      | Reached skill level 4 in Throwing
   399 | D:2      | Noticed a scorpion
   416 | D:2      | Slain by a scorpion

Levels and vault maps discovered:
D:1:      elethiomel_arrival_shortcut, layout_loops_ring
D:2:      layout_rooms, lemuel_round_altar

Skill      XL: |  1  2 |
---------------+-------+-----
Throwing       | 4 |  4.0
Fighting       | |  1.9
Dodging        | |  1.6
Stealth        | |  0.3
Unarmed Combat | |  0.6

Action                   || total
-------------------------++-------
Melee: Unarmed           ||    54
  Eat: Chunk             ||     7
Armor: Robe              ||    26
Dodge: Dodged            ||    39

Table legend:
 A = Non-vault XP
 B = Vault XP
 C = Vault XP percentage of total XP
 D = Non-vault monster count
 E = Vault monster count
 F = Vault count percentage of total count
                 A         B        C        D         E       F
            +---------+---------+-------+---------+---------+-------
      Total |      29 |       0 |   0.0 |      13 |       0 |   0.0
            +---------+---------+-------+---------+---------+-------
        D:1 |       8 |       0 |   0.0 |       4 |       0 |   0.0
        D:2 |      21 |       0 |   0.0 |       9 |       0 |   0.0
            +---------+---------+-------+---------+---------+-------
